 Dungeon Crawl Stone Soup version 0.30-a0-1161-g0704695555 (webtiles) character file.

Game seed: 14034858301916712398

1323 Dittersdorf the Trooper (level 8, -7/52 HPs)
             Began as a Gargoyle Fighter on Apr 27, 2023.
             Was an Initiate of Okawaru.
             Killed from afar by a steam dragon (11 damage)
             ... with a ball of steam
             ... on level 6 of the Dungeon.
             The game lasted 00:07:00 (5083 turns).

Dittersdorf the Trooper (Gargoyle Fighter)          Turns: 5083, Time: 00:07:00

Health: -7/52      AC: 20    Str: 22    XL:     8   Next: 59%
Magic:  8/8        EV:  8    Int:  9    God:    Okawaru [......]
Gold:   363        SH:  6    Dex: 15    Spells: 7/7 levels left

rFire   . . .        y - +2 flail (holy)
rCold   . . .        c - +0 buckler
rNeg    + . .        x - +0 chain mail
rPois   ∞            s - +0 helmet
rElec   +            (no cloak)
rCorr   .            (no gloves)
SInv    .            p - +2 pair of boots
Will    .....        (no amulet) Stlth
                     t - +6 ring of dexterity
HPRegen 0.28/turn    u - +4 ring of slaying
MPRegen 0.11/turn

%: no passive effects
@: no status effects
A: sickness immunity, AC +5, negative energy resistance 1, electricity
resistance, torment resistance 1, petrification resistance
a: Renounce Religion


You were on level 6 of the Dungeon.
You worshipped Okawaru.
Okawaru was noncommittal.
You visited 2 branches of the dungeon, and saw 7 of its levels.

You collected 363 gold pieces.

Inventory:

Hand Weapons
 y - a +2 flail of holy wrath (weapon)
Missiles
 r - 18 poisoned darts (quivered)
Armour
 c - a +0 buckler (worn)
 l - a +0 plate armour
 p - a +2 pair of boots (worn)
 s - a +0 helmet (worn)
 x - a +0 chain mail (worn)
Jewellery
 t - a +6 ring of dexterity (left hand)
 u - a +4 ring of slaying (right hand)
 w - a ring of fire
 z - a ring of see invisible
Wands
 q - a wand of paralysis (14)
Scrolls
 a - 2 scrolls of silence
 g - a scroll of enchant armour {unknown}
 k - a scroll of poison
 o - 3 scrolls of teleportation
 A - a scroll of fog
 B - a scroll of immolation {unknown}
Potions
 b - a potion of ambrosia
 d - 2 potions of might
 e - 2 potions of curing
 f - 3 potions of haste {unknown}
 h - 3 potions of lignification {unknown}
 i - a potion of magic {unknown}
 j - a potion of mutation {unknown}
 m - a potion of attraction {unknown}
 n - 2 potions of heal wounds
 v - a potion of resistance


   Skills:
 + Level 6.5 Fighting
 + Level 5.3 Maces & Flails
 + Level 6.4 Armour
 + Level 6.4 Shields


You had 7 spell levels left.
You didn't know any spells.
Your spell library contained the following spells:

 Spells                   Type           Power      Damage    Failure   Level
 Sandblast                Erth           0%         2d4       95%         1
 Passwall                 Tmut/Erth      0%         N/A       99%         2
 Ozocubu's Armour         Ice            0%         N/A       100%        3
 Stone Arrow              Conj/Erth      0%         3d7       100%        3
 Metabolic Englaciation   Hex/Ice        0%         N/A       100%        5
 Simulacrum               Ice/Necr       Unusable   N/A       N/A         6

Dungeon Overview and Level Annotations

Branches:
Dungeon (6/15)             Temple (1/1) D:5

Altars:
Ashenzari
Cheibriados
Dithmenos
Elyvilon
Fedhas
Gozag
Hepliaklqana
Kikubaaqudgha
Makhleb
Nemelex Xobeh
Okawaru
Qazlal
Ru
Sif Muna
Uskayaw
Vehumet
Wu Jian
Yredelemnul
The Shining One

Annotations:
D:5 4 runed translucent doors, Crazy Yiuf; TheSexyCheese's ghost, novice OpFE


Innate Abilities, Weirdness & Mutations

You are immune to sickness and miasma.
Your stone body is resilient. (AC +5)
You are immune to poison.
You resist negative energy. (rN+)
You are resistant to electric shocks. (rElec)
You are resistant to unholy torment.
You are immune to petrification.


Message History

The steam dragon breathes steam at you. The ball of steam hits you.
The iguana hisses angrily.
You are too injured to fight recklessly!
You are too injured to fight recklessly!
You are too injured to fight recklessly!
You are too injured to fight recklessly!
You are too injured to fight recklessly!
You are too injured to fight recklessly!
You are too injured to fight recklessly!
You are too injured to fight recklessly!
You are too injured to fight recklessly!
You are too injured to fight recklessly!
You are too injured to fight recklessly!
You are too injured to fight recklessly!
You are too injured to fight recklessly!
You are too injured to fight recklessly!
You are too injured to fight recklessly!
You are too injured to fight recklessly!
You closely miss the steam dragon.
You are engulfed in a cloud of scalding steam.
The steam dragon bites you but does no damage.
The steam dragon claws you but does no damage.
You closely miss the steam dragon.
You are engulfed in a cloud of scalding steam.
The steam dragon breathes steam at you. The ball of steam hits you!
* * * LOW HITPOINT WARNING * * *
You hit the steam dragon but do no damage.
You are engulfed in a cloud of scalding steam.
The steam dragon bites you!
* * * LOW HITPOINT WARNING * * *
You block the steam dragon's attack.
The steam dragon attacks as you move away!
The steam dragon bites you.
* * * LOW HITPOINT WARNING * * *
The steam dragon claws you but does no damage.
The steam dragon breathes steam at you. The ball of steam hits you!
You die...

.............# ####.....
.............# #.......
.............# #......
###.########## #....# #.#
#....# #.# #######....#
###.######....##....#
.........'........D.#####.#
###.######....#.@§.o......#
....................l.....'..
....######....#...........#.#
....).........#...........#
...#..........##.##.......#
...#..........##...##.....#
...#..........####. ..#####
.....#......# ## ..#
.....#......#


You could see a steam dragon (catching breath), an iguana and an orc.

Vanquished Creatures
  Sigmund (D:2)
  Edmund (D:4)
  A water moccasin (D:5)
  A black bear (D:5)
  An ogre (D:4)
  A kobold brigand (D:6)
  3 killer bees (D:6)
  4 hounds
  An orc priest (D:3)
  2 iguanas
  A sleepcap (D:6)
  3 orc wizards
  Terence (D:2)
  Robin (D:2)
  8 gnolls (D:2)
  2 adders
  2 ufetubi
  2 worms
  4 dart slugs
  13 orcs
  3 ball pythons
  9 bats
  3 endoplasms
  A giant cockroach (D:3)
  11 hobgoblins
  13 jackals
  5 quokkas
  6 frilled lizards
  11 goblins
  13 kobolds
  2 rats
130 creatures vanquished.

Notes
Turn   | Place    | Note
-------+----------+-------------------------------------------
     0 | D:1      | Dittersdorf the Gargoyle Fighter began the quest for the
                  | Orb.
     0 | D:1      | Reached XP level 1. HP: 14/14 MP: 1/1
   137 | D:1      | Reached XP level 2. HP: 19/19 MP: 2/2
   952 | D:2      | Reached XP level 3. HP: 14/24 MP: 3/3
   959 | D:2      | Reached XP level 4. HP: 11/29 MP: 4/4
  1178 | D:2      | Noticed Terence
  1185 | D:2      | Killed Terence
  1186 | D:2      | Reached XP level 5. HP: 26/33 MP: 5/5
  1285 | D:2      | Noticed Sigmund
  1292 | D:2      | Noticed Robin
  1325 | D:2      | HP: 1/33 [something (5)]
  1510 | D:2      | Killed Sigmund
  1511 | D:2      | Reached XP level 6. HP: 26/40 MP: 6/6
  2169 | D:2      | Killed Robin
  2618 | D:3      | Reached skill level 5 in Fighting
  2618 | D:3      | Reached skill level 5 in Armour
  2896 | D:4      | Found a sacrificial altar of Ru.
  2929 | D:4      | Noticed Edmund
  2941 | D:4      | Killed Edmund
  2942 | D:4      | Reached skill level 5 in Shields
  2942 | D:4      | Reached XP level 7. HP: 29/44 MP: 7/7
  3092 | D:4      | Found a stormy altar of Qazlal.
  3163 | D:4      | Found a broken altar of Ashenzari.
  3464 | D:4      | Found a sparkling altar of Nemelex Xobeh.
  3595 | D:4      | Found a broken altar of Ashenzari.
  3712 | D:4      | Found a stormy altar of Qazlal.
  3761 | D:4      | Found a sparkling altar of Nemelex Xobeh.
  3822 | D:4      | Found a sacrificial altar of Ru.
  4024 | D:5      | Entered Level 5 of the Dungeon
  4151 | D:5      | Found a runed translucent gate.
  4151 | D:5      | Found a runed translucent gate.
  4151 | D:5      | Found a runed translucent gate.
  4151 | D:5      | Found an opulent altar of Gozag.
  4168 | D:5      | Noticed TheSexyCheese's ghost (novice OpFE)
  4169 | D:5      | Noticed a troll
  4191 | D:5      | Found a shimmering blue altar of Sif Muna.
  4292 | D:5      | Found a runed translucent door.
  4293 | D:5      | Noticed Crazy Yiuf
  4314 | D:5      | Found an ancient bone altar of Kikubaaqudgha.
  4319 | D:5      | Found a blossoming altar of Fedhas.
  4352 | D:5      | Reached XP level 8. HP: 45/51 MP: 8/8
  4464 | D:5      | Found a snail-covered altar of Cheibriados.
  4521 | D:5      | Found a shadowy altar of Dithmenos.
  4591 | D:5      | Reached skill level 5 in Maces & Flails
  4612 | D:5      | Found a staircase to the Ecumenical Temple.
  4621 | Temple   | Entered the Ecumenical Temple
  4626 | Temple   | Became a worshipper of Warmaster Okawaru
  5021 | D:6      | Identified the +7 dagger "Untits" {vamp, Str+4}
  5083 | D:6      | Killed from afar by a steam dragon

Illustrated notes

Levels and vault maps discovered:
D:1:      lightli_arrival_flooded_house, layout_basic
D:2:      layout_basic, uniq_terence, uniq_sigmund, uniq_robin
D:3:      layout_basic
D:4:      layout_basic, lemuel_tele_altar, nicolae_ashenzari_skybound,
          nicolae_ru_sacrificial_ziggurat, kennysheep_little_box, uniq_edmund
D:5:      layout_basic, grunt_temple_overflow_growth_and_decay,
          nicolae_overflow_crystal_walls, mainiacjoe_overflow_big_doors,
          temple_statues, ebering_ghost_gozag, minmay_misc_feat_rows,
          uniq_crazy_yiuf_cottage
D:6:      layout_basic
Temple:   hellmonk_temple_micro_hex

Skill      XL: |  1  2  3  4  5  6  7  8 |
---------------+-------------------------+-----
Fighting       | 4 5 6 |  6.5
Armour         | 4 5 6 |  6.4
Shields        | 4 5 6 |  6.4
Maces & Flails | 3 4 5 |  5.3

Action                     |  1- 3 |  4- 6 |  7- 9 || total
---------------------------+-------+-------+-------++-------
  Melee: Flail             |    81 |   227 |   136 ||   444
  Throw: Dart              |       |     3 |       ||     3
    Use: Scroll            |       |       |    10 ||    10
 Armour: Scale mail        |    47 |   195 |       ||   242
         Chain mail        |       |     9 |    80 ||    89
  Dodge: Dodged            |    42 |   162 |    45 ||   249
  Block: Buckler           |    15 |    75 |    41 ||   131

Table legend: (Time is in decaauts)
 A = Elapsed time spent in this place.
 B = Non-inter-level travel time spent in this place.
 C = Inter-level travel time spent in this place.
 D = Time resting spent in this place.
 E = Time spent auto-exploring this place.
 F = Levels seen in this place.
 G = Mean time per level.
                   A        B        C        D        E       F      G
               +--------+--------+--------+--------+--------+-----+--------+
         Total |   5194 |   5022 |    172 |    177 |   3696 |   7 |  742.0 |
       Dungeon |   5184 |   5012 |    172 |    177 |   3696 |   6 |  864.0 |
        Temple |     10 |     10 |      0 |      0 |      0 |   1 |   10.0 |
               +--------+--------+--------+--------+--------+-----+--------+

Top non-repeatable levels by time:
     D:2: 1474 daAuts
     D:4: 1216 daAuts
     D:1: 959 daAuts
     D:5: 725 daAuts
     D:3: 493 daAuts
     D:6: 315 daAuts
  Temple: 10 daAuts
